 Dungeon Crawl Stone Soup version 0.24-a0-284-g9fb9971df1 (webtiles) character file.

Game seed: 5842505956040371231

4 HAL9000 the Sneak (level 1, 0/9 HPs)
             Began as a Vine Stalker Enchanter on May 4, 2019.
             Slain by a gnoll
             ... wielding a +0 spear
              (6 damage)
             ... on level 1 of the Dungeon.
             The game lasted 00:00:30 (241 turns).

HAL9000 the Sneak (Vine Stalker Enchanter)           Turns: 241, Time: 00:00:31

Health: 0/9        AC:  3    Str: 10    XL:     1   Next: 60%
Magic:  0/4        EV: 12    Int: 15    God:
Gold:   57         SH:  0    Dex: 14    Spells: 3/4 levels left

rFire    . . .     SeeInvis .   a - +1 dagger
rCold    . . .     Gourm    .   (no shield)
rNeg     . . .     Faith    .   b - +0 robe
rPois    .         Spirit   +   (no helmet)
rElec    .         Reflect  .   (no cloak)
rCorr    .         Harm     .   (no gloves)
MR       .....                  e - +0 pair of boots
Stlth    ++........             (no amulet)
HPRegen  0.03/turn              (no ring)
MPRegen  0.09/turn              (no ring)

@: no status effects
A: fangs 2, magic shield, antimagic bite, no potion heal 3, rot immunity
a: no special abilities


You were on level 1 of the Dungeon.
You were not hungry.

You visited 1 branch of the dungeon, and saw 1 of its levels.

You collected 57 gold pieces.

Inventory:

Hand Weapons
 a - a +1 dagger (weapon)
Missiles
 h - 2 throwing nets (quivered)
Armour
 b - a +0 robe (worn)
 e - a +0 pair of boots (worn)
Scrolls
 c - a scroll of enchant weapon {unknown}
 i - a scroll of identify {unknown}
Potions
 f - a potion of lignification {unknown}
 g - a potion of agility {unknown}
Comestibles
 d - 4 rations


   Skills:
 + Level 0.9 Short Blades
 - Level 1.5 Dodging
 - Level 3.6 Stealth
 - Level 2.1 Spellcasting
 + Level 3.2 Hexes


You had 3 spell levels left.
You knew the following spells:

 Your Spells              Type           Power        Failure   Level  Hunger
a - Corona                Hex            ##.....      5%          1    #......

Your spell library contained the following spells:

 Spells                   Type           Power        Failure   Level  Hunger
 Ensorcelled Hibernation  Hex/Ice        #.....       17%         2    ###....
 Confuse                  Hex            ##......     17%         3    ###....
 Tukima's Dance           Hex            ##......     17%         3    ###....
 Dazzling Spray           Conj/Hex       #.....       32%         3    ###....


Dungeon Overview and Level Annotations

Branches:
Dungeon (1/15)

Altars:


Innate Abilities, Weirdness & Mutations

You have extremely sharp teeth.
When hurt, damage is shared between your health and your magic reserves.
Your bite disrupts and absorbs the magic of your enemies.
Potions cannot restore your health.
You are immune to rotting.


Message History

i - a scroll labeled GAUDIU GAYHICI No target in view!
No target in view!
No target in view!
d - 4 rations (gained 1)
A rat comes into view.
A rat is nearby!
The helpless rat fails to defend itself.
You puncture the rat!
You kill the rat!
No target in view!
No target in view!
Found 16 sling bullets.
No target in view!
A gnoll comes into view. It is wielding a +0 spear.
The gnoll shouts!
The gnoll hits you with a +0 spear.
You barely miss the gnoll. The gnoll hits you with a +0 spear!
Ouch! That really hurt!
You die...

#### # ... #. ###.#
#. !..# #.
###..##########
#####........#....#
#.@......#.#.#.##..
#g###.##.#.#.#.##..
#.###.##.#.#.#.##..
#..................
#####.##.#......###
#.##.#####.....
#.##.# ######
#.##.( ..### ...
.....


You could see a gnoll.

Vanquished Creatures
  2 goblins (D:1)
  A kobold (D:1)
  A rat (D:1)
4 creatures vanquished.

Notes
Turn   | Place    | Note
-------+----------+-------------------------------------------
     0 | D:1      | HAL9000 the Vine Stalker Enchanter began the quest for the
                  | Orb.
     0 | D:1      | Reached XP level 1. HP: 9/9 MP: 4/4
   241 | D:1      | Slain by a gnoll

Levels and vault maps discovered:
D:1:      dpeg_arrival_water_temple_mockup, layout_basic

Action                   || total
-------------------------++-------
Melee: Dagger            ||    14
       Bite              ||     2
 Cast: Corona            ||     1
 Stab: Sleeping          ||     1
Armor: Robe              ||     1
Dodge: Dodged            ||     4

Table legend:
 A = Non-vault XP
 B = Vault XP
 C = Vault XP percentage of total XP
 D = Non-vault monster count
 E = Vault monster count
 F = Vault count percentage of total count
                 A         B        C        D         E       F
            +---------+---------+-------+---------+---------+-------
      Total |       6 |       0 |   0.0 |       4 |       0 |   0.0
            +---------+---------+-------+---------+---------+-------
        D:1 |       6 |       0 |   0.0 |       4 |       0 |   0.0
            +---------+---------+-------+---------+---------+-------
